 Dungeon Crawl Stone Soup version 0.27-a0-1502-g47ed6a6988 (webtiles) character file.

Game seed: 11234172225060628299

2258 apoch the Cleaver (level 9, -5/81 HPs)
             Began as a Minotaur Fighter on July 8, 2021.
             Was a Follower of Cheibriados.
             Slain by a gnoll (18 damage)
             ... on level 4 of the Dungeon.
             The game lasted 00:13:26 (6098 turns).

apoch the Cleaver (Minotaur Fighter)                Turns: 6098, Time: 00:13:26

Health: -5/81      AC: 14    Str: 26    XL:     9   Next: 15%
Magic:  10/10      EV:  6    Int:  8    God:    Cheibriados [*.....]
Gold:   398        SH: 10    Dex: 14    Spells: 8/8 levels left

rFire    + . .     SeeInvis .   a - +0 war axe
rCold    . . .     Faith    .   c - +0 kite shield
rNeg     . . .     Spirit   .   t - +4 chain mail {rF+}
rPois    .         Reflect  .   (helmet restricted)
rElec    .         Harm     .   (no cloak)
rCorr    .         Rampage  .   (no gloves)
Will     .....                  (no boots)
Stlth    ..........             (no amulet)
HPRegen  0.23/turn              (no ring)
MPRegen  0.12/turn              (no ring)

@: very slow
A: horns 2, retaliatory headbutt
a: Renounce Religion, Bend Time


You were on level 4 of the Dungeon.
You worshipped Cheibriados.
Cheibriados was aware of your devotion.
You visited 1 branch of the dungeon, and saw 7 of its levels.

You collected 398 gold pieces.

Inventory:

Hand Weapons
 a - a +0 war axe (weapon)
 b - a +2 flail of holy wrath
Missiles
 i - 13 poisoned darts (quivered)
 k - 127 stones
 r - 7 atropa-tipped darts
 C - 9 boomerangs
Armour
 c - a +0 kite shield (worn)
 t - a +4 chain mail of fire resistance (worn)
Jewellery
 p - an amulet of regeneration
 q - a ring of wizardry
 y - a ring of protection from fire
Wands
 u - a wand of flame (41)
 v - a wand of paralysis (10)
 w - a wand of charming (6)
Scrolls
 e - a scroll of holy word {unknown}
 f - 2 scrolls of amnesia {unknown}
 g - 7 scrolls of identify {unknown}
 l - 3 scrolls of noise {unknown}
 m - a scroll of fog {unknown}
 n - 2 scrolls of teleportation {unknown}
 s - 3 scrolls of enchant armour {unknown}
Potions
 d - 2 potions of might
 h - 3 potions of haste
 j - 2 potions of curing
 o - a potion of heal wounds {unknown}
 x - a potion of resistance {unknown}
 z - a potion of degeneration {unknown}
 A - a potion of magic {unknown}
 B - a potion of flight {unknown}


   Skills:
 + Level 7.9 Fighting
 * Level 10.1 Axes
 + Level 8.0 Armour
 - Level 3.6 Shields
 + Level 2.9 Invocations


You had 8 spell levels left.
You didn't know any spells.
Your spell library contained the following spells:

 Spells                   Type           Power      Damage    Failure   Level
 Apportation              Tloc           0%         N/A       100%        1
 Beastly Appendage        Tmut           0%         N/A       100%        1
 Ignite Poison            Fire/Tmut/Pois 0%         N/A       100%        3
 Mephitic Cloud           Conj/Pois/Air  0%         N/A       100%        3
 Spider Form              Tmut/Pois      0%         N/A       100%        3
 Ice Form                 Ice/Tmut       0%         N/A       100%        4
 Alistair's Intoxication  Tmut/Pois      0%         N/A       100%        5
 Bolt of Magma            Conj/Fire/Erth 0%         4d4       100%        5
 Invisibility             Hex            0%         N/A       100%        6


Dungeon Overview and Level Annotations

Branches:
Dungeon (7/15)
 Temple: D:4-7

Altars:
Ashenzari
Cheibriados
Gozag
Nemelex Xobeh
Okawaru
Trog
Uskayaw

Shops:
D:4 *

Annotations:
D:4 1 transporter, lunkers's ghost, amateur DjWr


Innate Abilities, Weirdness & Mutations

You have a pair of horns on your head.
You reflexively headbutt those who attack you in melee.


Message History

You see here 16 bolts.
The gnoll shouts!
You hear a shout!
The gnoll shouts!
The gnoll shouts!
The gnoll shouts!
You hear a shout!
The gnoll shouts!
There is a transporter here.
You enter the transporter and appear at another place.
The gnoll hits you but does no damage.
The gnoll hits you with a +1 spear of electrocution.
You are electrocuted!
The gnoll hits you with a +0 spear.
The gnoll zaps a wand.
You struggle to resist.
The gnoll hits you with a +1 spear of electrocution.
There is an open translucent door, spattered with blood here.
You barely miss the gnoll. You headbutt the gnoll!
The gnoll is heavily wounded.
You closely miss the gnoll. You block the gnoll's attack.
The gnoll hits you but does no damage. You block the gnoll's attack.
The gnoll shaman hits you with a +0 club.
Lunkers's ghost says, "I break bones and crack skulls... with my bare hands."
Lunkers's ghost casts a spell.
Lunkers's ghost blinks!
The gnoll hits you with a +0 spear.
The gnoll shaman calls upon its god to heal the gnoll.
The gnoll is healed somewhat.
The gnoll hits you but does no damage.
You are electrocuted!
Lunkers's ghost gestures wildly while chanting.
Lunkers's ghost blinks!
The gnoll closely misses you.
The gnoll hits you from afar with a +1 spear of electrocution!
The gnoll hits you with a +1 spear of electrocution.
The gnoll shaman hits you but does no damage.
The gnoll barely misses you.
The gnoll hits you from afar with a +1 spear of electrocution.
You are electrocuted!
* * * LOW HITPOINT WARNING * * *
You slash the gnoll shaman!
The gnoll shaman is heavily wounded.
You block the gnoll shaman's attack. The gnoll hits you but does no damage.
You are electrocuted!!
You die...

#..≈≈###.##'##.###≈≈.....
#..≈≈..#.#g..# #).≈≈.....
#..≈≈.##g#W..#.##.≈≈.....
#..≈≈.#gg#g:.#..#.≈≈.....
#[.≈≈.##g#####.##.≈≈.....
#......#.#8⌠8#.#..≈≈.....
#.....©#gg.©.'.#©.≈≈.####
#......#g#...#.#..≈≈.#
#..≈≈.##@##.##g##.≈≈.#
#..≈≈.#..#...#..#.≈≈.#
#..≈≈.##.#⌠.⌠#.##.≈≈.#
#..≈≈..#.#...#.#..≈≈.####
#..≈≈###.##'##.###≈≈.....
#..≈≈#...........#≈≈..###
#..≈≈##.###g###.##≈≈..#
#..≈≈#g.#8###8#g)#≈≈..#
#..≈≈####.....####≈≈.##


You could see a gnoll sergeant, a gnoll shaman and 5 gnolls.

Vanquished Creatures
  Pikel (D:4)
  Eustachio (D:4)
  Menkaure (D:3)
  A water moccasin (D:6)
  3 sky beasts
  A black bear (D:6)
  An ice beast (D:5)
  An orc warrior (D:6)
  A necrophage (D:6)
  A phantom (D:4)
  A lemure (D:4)
  A wyvern zombie (D:4)
  4 orc priests
  A bullfrog skeleton (D:4)
  A hound (D:5)
  Terence (D:3)
  5 orc wizards
  Natasha (thrice) (D:4)
  A killer bee zombie (D:6)
  6 gnolls
  8 adders
  A white imp (D:6)
  3 worms
  2 dart slugs (D:1)
  16 orcs
  7 ball pythons
  7 endoplasms
  3 giant cockroaches
  7 goblins
  11 hobgoblins
  4 jackals
  8 kobolds
  2 quokkas
  7 bats
  5 frilled lizards
  11 rats
138 creatures vanquished.

Vanquished Creatures (others)
  6 plants (D:4)
6 creatures vanquished.

Grand Total: 144 creatures vanquished

Notes
Turn   | Place    | Note
-------+----------+-------------------------------------------
     0 | D:1      | apoch the Minotaur Fighter began the quest for the Orb.
     0 | D:1      | Reached XP level 1. HP: 19/19 MP: 0/0
   152 | D:1      | Reached skill level 3 in Axes
   152 | D:1      | Reached XP level 2. HP: 27/27 MP: 1/1
   584 | D:1      | Reached XP level 3. HP: 33/33 MP: 2/2
  1129 | D:2      | Reached skill level 4 in Axes
  1149 | D:2      | Reached XP level 4. HP: 26/40 MP: 3/3
  2028 | D:3      | Found a bloodstained altar of Trog.
  2138 | D:3      | Reached XP level 5. HP: 47/47 MP: 4/4
  2227 | D:3      | Found a faded altar of an unknown god.
  2276 | D:3      | Noticed Terence
  2283 | D:3      | Killed Terence
  2284 | D:3      | Reached skill level 5 in Axes
  2988 | D:4      | Noticed Menkaure
  3117 | D:4      | Reached skill level 5 in Fighting
  3117 | D:4      | Reached skill level 5 in Armour
  3123 | D:3      | Killed Menkaure
  3124 | D:3      | Reached skill level 6 in Axes
  3124 | D:3      | Reached XP level 6. HP: 12/56 MP: 5/5
  3476 | D:4      | Found a snail-covered altar of Cheibriados.
  3478 | D:4      | Found an opulent altar of Gozag.
  3483 | D:4      | Found an iron altar of Okawaru.
  3506 | D:4      | Became a worshipper of Cheibriados the Contemplative
  3555 | D:4      | Found Fomaduf's General Store.
  3572 | D:4      | Noticed Pikel
  3583 | D:4      | Killed Pikel
  3584 | D:4      | Reached skill level 7 in Axes
  3584 | D:4      | Reached XP level 7. HP: 44/64 MP: 6/6
  3702 | D:4      | Noticed Natasha
  3705 | D:4      | Killed Natasha
  3706 | D:4      | Reached skill level 8 in Axes
  3788 | D:4      | Found a hide-covered altar of Uskayaw.
  3788 | D:4      | Noticed a +0 dagger
  3788 | D:4      | Noticed a +0 spear
  3789 | D:4      | Noticed a +0 dagger
  3790 | D:4      | Noticed a +0 spear
  3790 | D:4      | Noticed a +0 falchion
  3790 | D:4      | Noticed a +0 short sword
  3790 | D:4      | Noticed a +0 falchion
  3792 | D:4      | Noticed a +0 short sword
  3816 | D:4      | Identified the +11 dagger of Delicate Valour {vorpal, MP+9
                  | Dex+6}
  3839 | D:4      | Noticed Natasha
  3845 | D:4      | Killed Natasha
  3863 | D:4      | Found a sparkling altar of Nemelex Xobeh.
  3942 | D:4      | Reached XP level 8. HP: 71/71 MP: 7/7
  3991 | D:4      | Noticed Eustachio
  4003 | D:4      | Killed Eustachio
  4064 | D:4      | Identified the +3 trident of Litrooc {venom, *Slow Fragile
                  | rC+ Str+4}
  4075 | D:4      | Noticed lunkers's ghost (amateur DjWr)
  4119 | D:4      | Found a transporter.
  4131 | D:4      | Found a transporter.
  4168 | D:4      | Noticed Natasha
  4178 | D:4      | Killed Natasha
  4267 | D:5      | Entered Level 5 of the Dungeon
  4538 | D:5      | Found a broken altar of Ashenzari.
  4683 | D:5      | Reached skill level 1 in Invocations
  4684 | D:5      | Reached skill level 9 in Axes
  5530 | D:6      | Reached * piety under Cheibriados
  5531 | D:6      | Reached XP level 9. HP: 78/80 MP: 9/9
  5579 | D:6      | Reached skill level 10 in Axes
  5667 | D:6      | Got the Guide on Transmutation
  6098 | D:4      | Slain by a gnoll

Illustrated notes

Levels and vault maps discovered:
D:1:      dpeg_arrival_tiny_j, layout_basic
D:2:      layout_rooms
D:3:      minmay_chambers_of_threes, layout_loops_corners,
          overflow_temple_1_default, hellmonk_ecumenical_altar_lost_god,
          serial_glass, glass_columns_c, glass_columns_a, uniq_terence
D:4:      layout_rooms, general_overflow_altar,
          minmay_overflow_temple_star_quad, nicolae_uskayaw_en_pointe,
          serial_shops, nicolae_shop_statue_plus, gammafunk_ghost_gnarly_gnolls,
          uniq_menkaure, uniq_eustachio, uniq_pikel, uniq_natasha
D:5:      layout_gridville, ashenzari_altar_1, minmay_misc_feat_hallway
D:6:      layout_basic
D:7:      layout_cave_pools, kennysheep_mini,
          mainiacjoe_overflow_concentric_impassable,
          minmay_temple_entry_sparse_star

Skill      XL: |  1  2  3  4  5  6  7  8  9 |
---------------+----------------------------+-----
Axes           | 3 4 6 7 8 9 10 | 10.1
Armour         | 4 5 6 7 8 |  8.0
Fighting       | 4 5 6 7 |  7.9
Invocations    | 2 |  2.9
Shields        | |  3.6

Action                   |  1- 3 |  4- 6 |  7- 9 || total
-------------------------+-------+-------+-------++-------
Melee: War axe           |    86 |   105 |   126 ||   317
       Headbutt          |    12 |    17 |    31 ||    60
Throw: Dart              |    20 |    60 |    40 ||   120
Invok: Bend Time         |       |       |     2 ||     2
  Use: Potion            |       |     1 |       ||     1
Armor: Scale mail        |    40 |    12 |       ||    52
       Chain mail        |       |    61 |    70 ||   131
Dodge: Dodged            |    38 |    34 |    31 ||   103
Block: Kite shield       |    49 |    54 |    57 ||   160

Table legend: (Time is in decaauts)
 A = Elapsed time spent in this place.
 B = Non-inter-level travel time spent in this place.
 C = Inter-level travel time spent in this place.
 D = Time resting spent in this place.
 E = Time spent auto-exploring this place.
 F = Levels seen in this place.
 G = Mean time per level.
                   A        B        C        D        E       F      G
               +--------+--------+--------+--------+--------+-----+--------+
         Total |   6804 |   6500 |    304 |   1311 |   3899 |   7 |  972.0 |
       Dungeon |   6804 |   6500 |    304 |   1311 |   3899 |   7 |  972.0 |
               +--------+--------+--------+--------+--------+-----+--------+

Top non-repeatable levels by time:
     D:3: 1549 daAuts
     D:5: 1312 daAuts
     D:4: 1137 daAuts
     D:1: 972 daAuts
     D:2: 936 daAuts
     D:6: 894 daAuts
     D:7: 1 daAuts
